 Dungeon Crawl Stone Soup version 0.31.0-32-g396128a36d (webtiles) character file.

Game seed: 4344203766232111934

347 PaiMei the Grave Robber (level 6, -3/46 HPs)
             Began as a Demonspawn Necromancer on Apr 2, 2024.
             Splashed by a jelly's acid (12 damage)
             ... in a sewer.
             The game lasted 00:06:11 (3463 turns).

PaiMei the Grave Robber (Demonspawn Necromancer)    Turns: 3463, Time: 00:06:12

Health: -3/46      AC: -6    Str:  8    XL:     6   Next: 33%
Magic:  2/11       EV: 13    Int: 17    God:
Gold:   125        SH:  0    Dex: 14    Spells: 8/12 levels left

rFire   . . .        c - +2 hand axe (venom)
rCold   . . .        (no shield)
rNeg    . . .        a - +0 robe
rPois   .            (no helmet)
rElec   .            (no cloak)
rCorr   .            (no gloves)
SInv    .            (no boots)
Will    .....        (no amulet)
Stlth   ++           (no ring)
HPRegen 0.27/turn    (no ring)
MPRegen 0.12/turn

%: no passive effects
@: corroded
A: ignite blood 1, weakness stinger 2
a: no special abilities


You were in a sewer.
You visited 1 branch of the dungeon, and saw 3 of its levels.
You also visited: Sewer.

You collected 209 gold pieces.
You spent 84 gold pieces at shops.

Inventory:

Hand Weapons
 c - a +2 hand axe of venom (weapon)
Missiles
 i - 3 poisoned darts (quivered)
 n - 5 javelins
Armour
 a - a +0 robe (worn)
 k - a +0 buckler
Jewellery
 e - an amulet of magic regeneration
Wands
 o - a wand of paralysis (9)
Scrolls
 d - a scroll of vulnerability {unknown}
 f - 3 scrolls of teleportation
 g - 2 scrolls of identify {unknown}
 j - a scroll of enchant armour {unknown}
 l - 2 scrolls of fear
 q - a scroll of noise {unknown}
Potions
 b - a potion of magic
 h - a potion of mutation {unknown}
 m - 2 potions of heal wounds {unknown}
 p - a potion of resistance {unknown}


   Skills:
 + Level 2.6 Fighting
 + Level 3.3 Dodging
 - Level 2.2 Stealth
 + Level 3.5 Spellcasting
 + Level 5.6 Necromancy


You had 8 spell levels left.
You knew the following spells:

 Your Spells              Type           Power      Damage    Failure   Level
a - Necrotise             Necr           88%        1d8       1%          1
b - Vampiric Draining     Necr           22%        2d7       4%          3

Your spell library contained the following spells:

 Spells                   Type           Power      Damage    Failure   Level
 Animate Dead             Necr           22%        N/A       16%         4
 Shock                    Conj/Air       12%        1d3       17%         1
 Curse of Agony           Necr           22%        N/A       41%         5
 Swiftness                Air            3%         N/A       45%         3
 Airstrike                Air            1%         2d(1-17)  86%         4


Dungeon Overview and Level Annotations

Branches:
Dungeon (3/15)              Sewer (1/1)

Altars:

Shops:
D:1 ?


Innate Abilities, Weirdness & Mutations

Your demonic aura sometimes causes spilled blood to erupt in flames.
You have a tail ending in a sharp stinger.


Message History

Aiming: Necrotise (safe; 1% risk of failure)
Press: ? - help, Shift-Dir - straight line, f/p - jelly
Aim: a jelly (moderately wounded, chance to affect: 86%)
The jelly barely resists.
The endoplasm closely misses you. The jelly misses you.
Casting: Necrotise (safe; 1% risk of failure)
Confirm with . or Enter, or press ? or * to list all spells.
Aiming: Necrotise (safe; 1% risk of failure)
Press: ? - help, Shift-Dir - straight line, f/p - jelly
Aim: a jelly (moderately wounded, chance to affect: 86%)
The jelly barely resists.
The endoplasm freezes you.
You are frozen.
The jelly hits you.
You are splashed with acid.
Your frilled lizard skeleton bites the endoplasm.
You hit the endoplasm but do no damage.
The endoplasm is poisoned.
The endoplasm is severely wounded.
You hit the jelly but do no damage.
Your hands burn!
You kill the endoplasm!
The jelly closely misses you.
Your frilled lizard skeleton bites the jelly.
Your frilled lizard skeleton is burned by acid!
The jelly closely misses you.
Casting: Necrotise (safe; 1% risk of failure)
Confirm with . or Enter, or press ? or * to list all spells.
Aiming: Necrotise (safe; 1% risk of failure)
Press: ? - help, Shift-Dir - straight line, f/p - jelly
Aim: a jelly (moderately wounded, ally target, chance to affect: 86%)
The jelly writhes in agony.
Your frilled lizard skeleton bites the jelly.
The acid corrodes your frilled lizard skeleton!
Your frilled lizard skeleton is burned by acid!
Your frilled lizard skeleton is destroyed!
The jelly barely misses you.
You hit the jelly but do no damage.
Your hands burn!
* * * LOW HITPOINT WARNING * * *
The jelly is severely wounded.
The jelly hits you.
* * * LOW HITPOINT WARNING * * *
You are splashed with acid!
You die...

## ##### .# ##..~## ~##
##..~~~# .~####~~.#.~#
~.~.##..##~~####
..~..####....~~##
##.~..##~.~.~..~####
##....~~~###.~~...##
##..~~~##.##..@J.~####
#~...##...#.~##~.~~~###
##.~~.~..~##~.###~....!#
#...~.~.~##~~~# #Z~.~!_#
#~..#..~.~~~~∩##
#~J..[)#
~~~~##.~~#~~~.##
#~.##### ..~# ##~.######
.Z~# ### #...# .~~#
##..~. J###


You could see a jelly.

Vanquished Creatures
  2 jellies (Sewer)
  Jessica (D:3)
  Terence (D:2)
  An orc wizard (D:2)
  A gnoll (D:1)
  6 adders
  2 river rats (Sewer)
  5 dart slugs
  2 ribbon worms
  4 orcs (D:3)
  7 ball pythons
  12 endoplasms
  18 giant cockroaches
  5 goblins
  8 hobgoblins
  3 jackals (D:1)
  5 kobolds
  3 quokkas
  5 bats
  9 frilled lizards
  7 rats
107 creatures vanquished.

Vanquished Creatures (collateral kills)
  A dart slug (D:1)
  An endoplasm (D:1)
  A bat (D:1)
  A frilled lizard (D:1)
  A kobold (D:1)
5 creatures vanquished.

Grand Total: 112 creatures vanquished

Notes
Turn   | Place    | Note
-------+----------+-------------------------------------------
     0 | D:1      | PaiMei the Demonspawn Necromancer began the quest for the
                  | Orb.
     0 | D:1      | Reached XP level 1. HP: 13/13 MP: 3/3
   282 | D:1      | Gained mutation: You have a small tail. [demonic ancestry]
   282 | D:1      | Reached XP level 2. HP: 19/19 MP: 1/5
   645 | D:1      | Gained mutation: You have a tail ending in a sharp stinger.
                  | [demonic ancestry]
   645 | D:1      | Reached XP level 3. HP: 24/24 MP: 2/6
   649 | D:1      | Learned a level 3 spell: Vampiric Draining
   704 | D:1      | Found a faded altar of an unknown god.
  1032 | D:1      | Found Xaus Jipn's Magic Scroll Boutique.
  1054 | D:1      | Bought a scroll of teleportation for 36 gold pieces
  1393 | D:1      | Bought a scroll of fear for 48 gold pieces
  1511 | D:2      | Reached XP level 4. HP: 31/31 MP: 4/7
  1547 | D:2      | Reached skill level 1 in Fighting
  1581 | D:2      | Noticed Terence
  2133 | D:2      | Killed Terence
  2134 | D:2      | Reached skill level 5 in Necromancy
  2536 | D:3      | Reached XP level 5. HP: 37/37 MP: 6/9
  2637 | D:3      | Noticed Jessica
  2655 | D:3      | Killed Jessica
  2826 | D:3      | Found a glowing drain.
  2835 | Sewer    | Entered a sewer
  3039 | Sewer    | Gained mutation: Your demonic aura sometimes causes spilled
                  | blood to erupt in flames. [demonic ancestry]
  3039 | Sewer    | Reached XP level 6. HP: 25/45 MP: 2/11
  3378 | Sewer    | Found a viscous altar of Jiyva.
  3463 | Sewer    | Splashed by a jelly's acid

Illustrated notes

Levels and vault maps discovered:
D:1:      dpeg_arrival_subterranean_lakeside_camping, layout_loops_ring,
          serial_shops, shop, shapermc_ecumenical_altar_pompeii,
          chequers_avenue, amcnicky_mini_rare_corridor_liquid,
          minmay_pentomino_s4
D:2:      layout_basic, uniq_terence
D:3:      minmay_roachtagon, layout_rooms, portal_sewer_entry_a,
          serial_bayou_pond_d, uniq_jessica
Sewer:    sewer_hellmonk_slimy_pipes

Skill      XL: |  1  2  3  4  5 |
---------------+----------------+-----
Stealth        | 2 |  2.2
Dodging        | 2 3 |  3.3
Fighting       | 1 2 |  2.6
Necromancy     | 5 |  5.6
Spellcasting   | 3 |  3.5

Action                     |  1- 3 |  4- 6 || total
---------------------------+-------+-------++-------
  Melee: Hand axe          |    14 |    46 ||    60
         Tailslap          |     1 |     5 ||     6
   Cast: Necrotise         |    57 |   107 ||   164
         Vampiric Draining |       |     1 ||     1
    Use: Potion            |       |     1 ||     1
 Armour: Robe              |    28 |    51 ||    79
  Dodge: Dodged            |    25 |    63 ||    88
